AoeStats
← 胤矢苍穹

Nomad

509846139Analyzed
2v2 RM · 4d ago on Sep 28, 2026· 64m 54s· 4 players
Game mode
Random Map
Map size
176×176
Population
200
Speed
Normal
Resources
Standard
Victory
Conquest
Starting age
Dark Age
Ending age
Imperial Age
RankedLock teamsTeams togetherTeam positionsShared explorationLock speedFull tech treeHidden civsTurbo modeCheats
Victory
Defeat
🇮🇳 Huns · India
732
+13
🇸🇪 Sicilians · Sweden
701
+15
🇭🇰 Armenians · Hong Kong SAR China
666
-14
🇭🇰 Bohemians · Hong Kong SAR China
665
-14
keriker
18:08 Feudal Age
19:39 Horse Collar
19:48 Double-Bit Axe
26:55 Castle Age
25:21 Stone Mining
29:13 Forging
29:03 Scale Mail Armor
29:46 Bow Saw
30:21 Heavy Plow
31:47 Gold Mining
32:53 Stone Shaft Mining
34:04 Wheelbarrow
35:12 Hand Cart
40:36 Imperial Age
38:55 Chain Mail Armor
39:16 Iron Casting
40:14 Squires
40:00 Gambesons
39:42 Pikeman
43:56 Blast Furnace
43:26 Plate Mail Armor
43:04 Elite Serjeant
44:15 Onager
46:21 Padded Archer Armor
46:12 Fletching
49:59 Bodkin Arrow
50:20 Leather Archer Armor
50:53 Bracer
64:42 Crop Rotation
64:00 Town Watch
JAMES GAAND
20:48 Feudal Age
20:55 Feudal Age
21:37 Double-Bit Axe
21:37 Fishing Lines
23:20 Forging
23:16 Scale Barding Armor
26:23 Castle Age
24:31 Stone Mining
28:01 Gold Mining
31:01 Marauders
31:25 Chain Barding Armor
31:41 Iron Casting
30:59 Gillnets
31:21 Medium Warships
31:56 Bloodlines
31:47 Husbandry
32:40 Gold Shaft Mining
34:13 Wheelbarrow
36:42 Hand Cart
40:33 Imperial Age
40:45 Elite Tarkan
41:50 Conscription
49:51 Blast Furnace
60:09 Squires
59:30 Pikeman
60:53 Halberdier
61:55 Scale Mail Armor
62:39 Arson
胤矢苍穹
3:45 Loom
16:39 Feudal Age
18:03 Wheelbarrow
18:33 Horse Collar
18:40 Double-Bit Axe
19:20 Man-at-Arms
20:06 Scale Mail Armor
21:12 Forging
20:43 Long Swordsman
27:43 Castle Age
27:35 Fishing Lines
28:02 Gold Mining
28:04 Stone Mining
28:00 Two-Handed Swordsman
28:28 Gambesons
29:22 Iron Casting
29:03 Chain Mail Armor
29:39 Squires
29:57 Gillnets
31:04 Medium Warships
33:09 Hand Cart
33:44 Bow Saw
33:38 Heavy Plow
36:45 Imperial Age
35:03 Champion
36:18 Fervor
36:30 Sanctity
39:04 Heavy Warships
40:18 Conscription
40:43 Cilician Fleet
40:37 Arson
40:28 Pikeman
41:15 Fletching
42:36 Bodkin Arrow
43:47 Chemistry
43:36 Bracer
44:27 Plate Mail Armor
44:59 Blast Furnace
44:57 Elite Composite Bowman
45:49 Padded Archer Armor
46:00 Fereters
46:14 Halberdier
50:06 Ballistics
51:30 Leather Archer Armor
星星泡面
9:13 Loom
13:48 Feudal Age
15:10 Double-Bit Axe
15:31 Fishing Lines
18:34 Horse Collar
19:44 Wheelbarrow
25:33 Castle Age
28:55 Bow Saw
31:02 Hand Cart
31:57 Chemistry
31:21 Ballistics
31:18 Fletching
31:25 Fletching
32:00 Heavy Plow
32:06 Town Watch
32:27 Bodkin Arrow
33:00 Gillnets
35:59 Imperial Age
37:21 Murder Holes
37:10 Pikeman
39:17 Bracer
39:19 Scale Mail Armor
39:30 Forging
39:56 Halberdier
40:36 Squires
42:02 Two-Man Saw
43:25 Conscription
56:38 Wagenburg Tactics
Connection lost

Rejoining the realm…

Still unreachable

The connection could not be restored.

Session expired

The server has moved on; the page needs a fresh start.